 Dungeon Crawl Stone Soup version 0.18-a0-902-g8738618 (webtiles) character file.

0 Jmtri7 the Charlatan (level 1, -21/15 HPs)
             Began as a Formicid Artificer on Dec 24, 2015.
             Shot with a poisoned arrow by a centaur warrior (29 damage)
             ... on level 13 of the Dungeon.
             The game lasted 00:01:10 (217 turns).

Jmtri7 the Charlatan (Formicid Artificer)            Turns: 217, Time: 00:01:12

Health: -21/15     AC:  3    Str: 15    XL:     1   Next: 0%
Magic:  3/3        EV: 11    Int: 11    God:
Gold:   0          SH:  0    Dex: 11    Spells: 0 memorised, 0 levels left

rFire  . . .     SeeInvis +     a - +0 short sword
rCold  . . .     Gourm    .     b - +0 leather armour
rNeg   . . .     Faith    .     (no shield)
rPois  .         Spirit   .     (helmet unavailable)
rElec  .         Dismiss  .     (no cloak)
rCorr  .         Reflect  .     (no gloves)
SustAt .         Harm     .     (no boots)
MR     .....                    (no amulet)
Stlth  +.........               (no ring)
                                (no ring)

@: not resistant to hostile enchantments, very unstealthy
A: permanent stasis, dig shafts and tunnels, four strong arms, antennae 3
a: Dig, Shaft Self


You were on level 13 of the Dungeon.
You were hungry.

You visited 1 branch of the dungeon, and saw 8 of its levels.

Inventory:

Hand Weapons
 a - a +0 short sword (weapon)
Armour
 b - a +0 leather armour (worn)
Wands
 c - a wand of flame (15/48)
 d - a wand of enslavement (14/24)
 e - a wand of random effects (15/48)
Scrolls
 g - a scroll of recharging {unknown}
Potions
 h - a potion of agility {unknown}
Comestibles
 f - a bread ration


   Skills:
 - Level 1.1 Fighting
 - Level 1.0 Short Blades
 - Level 1.7 Dodging
 - Level 1.2 Stealth
 + Level 3.2 Evocations


You couldn't memorise any spells.
You didn't know any spells.

Dungeon Overview and Level Annotations

Branches:
Dungeon (13/15)
 Temple: D:4-7         Lair: D:8-11         Orc: D:9-12      Vaults: D:13-14

Altars:


Innate Abilities, Weirdness & Mutations

You are under a permanent stasis effect.
You can dig through walls and to a lower floor.
Your four strong arms can wield two-handed weapons with a shield.
You have a pair of large antennae on your head (SInv).


Message History

Aim: a necrophage (chance to defeat MR: 35%)
The necrophage is charmed.
This wand has 14 charges left.
The crimson imp blinks!
The centaur warrior wields a longbow.
The centaur warrior shoots a poisoned arrow.
The poisoned arrow barely misses you.
The poisoned arrow hits your necrophage!!
Your necrophage hits the human!
A centaur warrior comes into view. It is wielding a longbow.
The human hits you.
Your necrophage hits the human! You barely miss the human.
The human is heavily wounded.
The human misses you.
Your necrophage hits the human.
Your leather armour prevents you from hitting the human.
The human is heavily wounded.
The human hits you. The kobold hits you.
The centaur warrior shoots a poisoned arrow.
The poisoned arrow hits you!!
Ouch! That really hurt!
You die...

... ...# .. ..>## .. .....
####'##... .... #........#
#..### .....c...# #....#
..c......# #....# #.n# #....##
#@p#####.....# #.
#5K.§.§......#
...###########.......(....#
.................(..##(####..
.....................(........
..............................
.......................#######
#.....................#
#.....................#


You could see a centaur warrior, a human, a crimson imp, a kobold and a friendly
necrophage.

Vanquished Creatures (others)
  A sheep (D:11)
1 creature vanquished.

Notes
Turn   | Place    | Note
--------------------------------------------------------------
     0 | D:1      | Jmtri7 the Formicid Artificer began the quest for the Orb.
     0 | D:1      | Reached XP level 1. HP: 15/15 MP: 3/3
    24 | D:1      | You fall through a shaft!
    27 | D:2      | You fall through a shaft!
    30 | D:3      | You fall through a shaft for 2 floors!
    30 | D:5      | Entered Level 5 of the Dungeon
    30 | D:5      | Noticed an ogre
    33 | D:5      | You fall through a shaft for 2 floors!
    36 | D:7      | You fall through a shaft!
    39 | D:8      | You fall through a shaft for 3 floors!
    39 | D:11     | Noticed a cyclops
    42 | D:11     | You fall through a shaft for 2 floors!
   188 | D:13     | Noticed a human
   198 | D:13     | Noticed a crimson imp
   210 | D:13     | Noticed a necrophage
   215 | D:13     | Noticed a centaur warrior
   217 | D:13     | Shot with a poisoned arrow by a centaur warrior

Vault maps used:
D:1:      dpeg_arrival_chambers_temple_mockup, minmay_lizard_king
D:2:      old_standard_altar, first_bread, gammafunk_pakellas_statue_experiment,
          uniq_natasha
D:7:      marbit_many_paths, minmay_temple_entry_grid, uniq_crazy_yiuf_cottage
D:8:      grunt_temple_overflow_forces_of_nature, nicolae_overflow_crystal_walls
D:11:     grunt_lair_entry_orc_guard_hut
D:13:     lightli_vaults_fourway_checkpoint, hangedman_stone_soup, uniq_kirke

Action                   || total
-------------------------++-------
Melee: Short sword       ||     2
 Abil: Shaft Self        ||     7
Evoke: Wand              ||     1
